[ AOE2 MATCH · #460769352 ]
Team RMTurks vs Italians
[ REPLAY ANALYSIS · EXTRACTED FROM THE RECORDED GAME ]
Feudal
—
Castle
—
Imperial
—
| APM avg | 19.5 |
| APM peak | 54 |
| eAPM avg | 13.7 |
| Villagers / military | 100 / 206 |
Focus
⚔️ 33.5% · 🌾 66.5%
Spearman ×194 · Janissary ×12 · Trade Cart ×10
Feudal
13:27
Castle
19:38
Imperial
36:19
| APM avg | 32.8 |
| APM peak | 56 |
| eAPM avg | 18.4 |
| Villagers / military | 147 / 345 |
Focus
⚔️ 36.4% · 🌾 63.6%
Skirmisher ×271 · Knight ×30 · Scout Cavalry ×20 · Trade Cart ×11 · Spearman ×9 · Unknown (2626) ×8
Feudal
14:48
Castle
19:59
Imperial
36:06
| APM avg | 34.9 |
| APM peak | 75 |
| eAPM avg | 18.3 |
| Villagers / military | 98 / 267 |
Focus
⚔️ 41.7% · 🌾 58.3%
Genoese Crossbowman ×139 · Hand Cannoneer ×91 · Trade Cart ×39 · Archer ×14 · Spearman ×11 · Fishing Ship ×5
Feudal
13:46
Castle
23:34
Imperial
45:08
| APM avg | 25.4 |
| APM peak | 64 |
| eAPM avg | 14.5 |
| Villagers / military | 117 / 195 |
Focus
⚔️ 34.1% · 🌾 65.9%
Scout Cavalry ×67 · Ghulam ×66 · Camel Scout ×37 · Trade Cart ×30 · Unknown (2626) ×10 · Fishing Ship ×4
Match map
Resources at game start + every placement click. Thick line = wall · dashed box = detected house wall. 🟡 gold · ⚪ stone · 🟢 berries · 🔶 boar · ⭕ relic
Inputs per minute
— Billy Wonka2706 - - Rogan?
Build order — Billy Wonka2706
First 150 of 397 actions detected
| 0:32 | Build | Town Center |
| 2:53 | Create | Villager (Male) |
| 2:53 | Create | Villager (Male) |
| 2:53 | Create | Villager (Male) |
| 3:03 | Build | House |
| 3:08 | Build | House |
| 3:55 | Create | Villager (Male) |
| 3:55 | Create | Villager (Male) |
| 4:20 | Create | Villager (Male) |
| 4:21 | Create | Villager (Male) |
| 5:11 | Create | Villager (Male) |
| 6:27 | Create | Villager (Male) |
| 6:27 | Create | Villager (Male) |
| 6:27 | Create | Villager (Male) |
| 7:07 | Create | Villager (Male) |
| 7:07 | Create | Villager (Male) |
| 7:07 | Create | Villager (Male) |
| 7:08 | Create | Villager (Male) |
| 7:37 | Create | Villager (Male) |
| 7:37 | Create | Villager (Male) |
| 7:37 | Create | Villager (Male) |
| 7:56 | Build | House |
| 8:11 | Build | House |
| 8:58 | Create | Villager (Male) |
| 9:00 | Create | Villager (Male) |
| 9:01 | Create | Villager (Male) |
| 9:54 | Build | Lumber Camp |
| 10:07 | Create | Villager (Male) |
| 10:08 | Create | Villager (Male) |
| 10:41 | Create | Villager (Male) |
| 11:03 | Build | Mining Camp |
| 11:26 | Build | Palisade Wall |
| 11:55 | Create | Villager (Male) |
| 13:31 | Research | Feudal Age |
| 14:26 | Create | Villager (Male) |
| 14:26 | Create | Villager (Male) |
| 14:26 | Create | Villager (Male) |
| 14:26 | Create | Villager (Male) |
| 15:15 | Build | Mill |
| 15:38 | Build | House |
| 15:41 | Build | House |
| 15:45 | Build | House |
| 15:47 | Build | House |
| 15:53 | Build | House |
| 16:08 | Build | House |
| 16:14 | Build | House |
| 16:36 | Build | Farm |
| 16:49 | Build | Farm |
| 16:54 | Build | Farm |
| 17:00 | Build | Farm |
| 17:06 | Build | Farm |
| 17:10 | Build | Farm |
| 17:17 | Research | Double-Bit Axe |
| 17:21 | Research | Horse Collar |
| 17:31 | Build | Farm |
| 17:31 | Build | Farm |
| 17:31 | Build | Farm |
| 17:32 | Build | Farm |
| 17:32 | Build | Farm |
| 17:35 | Build | Farm |
| 17:44 | Build | Farm |
| 17:45 | Create | Villager (Male) |
| 17:46 | Create | Villager (Male) |
| 17:46 | Create | Villager (Male) |
| 17:46 | Create | Villager (Male) |
| 17:47 | Create | Villager (Male) |
| 17:54 | Build | Farm |
| 18:27 | Build | Barracks |
| 18:40 | Build | Blacksmith |
| 18:54 | Build | Lumber Camp |
| 19:19 | Build | Market |
| 19:36 | Create | Villager (Male) |
| 19:37 | Create | Villager (Male) |
| 20:25 | Build | Farm |
| 20:56 | Research | Castle Age |
| 21:21 | Build | Dock |
| 21:43 | Create | Spearman |
| 21:43 | Create | Spearman |
| 21:43 | Create | Spearman |
| 21:43 | Create | Spearman |
| 21:44 | Create | Spearman |
| 21:44 | Create | Spearman |
| 21:44 | Create | Spearman |
| 21:57 | Build | Barracks |
| 22:00 | Build | Barracks |
| 22:45 | Create | Spearman |
| 22:45 | Create | Spearman |
| 22:46 | Create | Spearman |
| 22:46 | Create | Spearman |
| 22:46 | Create | Spearman |
| 23:37 | Create | Villager (Male) |
| 23:37 | Create | Villager (Male) |
| 23:37 | Create | Villager (Male) |
| 23:52 | Build | Town Center |
| 24:17 | Research | Squires |
| 24:32 | Research | Man-at-Arms (upgrade) |
| 24:37 | Research | Forging |
| 24:38 | Research | Scale Mail Armor |
| 24:54 | Build | Building 487 |
| 25:06 | Research | Wheelbarrow |
| 25:07 | Research | Loom |
| 25:36 | Create | Villager (Male) |
| 25:36 | Create | Villager (Male) |
| 25:37 | Create | Villager (Male) |
| 25:37 | Create | Villager (Male) |
| 25:37 | Create | Villager (Male) |
| 26:03 | Create | Spearman |
| 26:03 | Create | Spearman |
| 26:03 | Create | Spearman |
| 26:03 | Create | Spearman |
| 26:04 | Create | Spearman |
| 26:04 | Create | Spearman |
| 26:13 | Build | Farm |
| 26:23 | Create | Villager (Male) |
| 26:24 | Create | Villager (Male) |
| 26:24 | Create | Villager (Male) |
| 26:32 | Build | Mining Camp |
| 27:00 | Build | Farm |
| 27:09 | Create | Villager (Male) |
| 27:12 | Create | Villager (Male) |
| 27:12 | Create | Villager (Male) |
| 27:13 | Create | Villager (Male) |
| 27:13 | Create | Villager (Male) |
| 27:13 | Create | Villager (Male) |
| 28:00 | Create | Spearman |
| 28:00 | Create | Spearman |
| 28:01 | Create | Spearman |
| 28:01 | Create | Spearman |
| 28:01 | Create | Spearman |
| 28:02 | Create | Spearman |
| 28:02 | Create | Spearman |
| 28:02 | Create | Spearman |
| 28:02 | Create | Spearman |
| 28:21 | Research | Stone Mining |
| 29:23 | Build | Stable |
| 29:25 | Build | Stable |
| 29:26 | Build | Stable |
| 30:24 | Build | Mining Camp |
| 30:30 | Research | Gold Mining |
| 31:03 | Research | Gold Shaft Mining |
| 31:09 | Research | Hand Cart |
| 31:12 | Create | Villager (Male) |
| 31:12 | Create | Villager (Male) |
| 31:12 | Create | Villager (Male) |
| 31:12 | Create | Villager (Male) |
| 31:24 | Build | House |
| 31:26 | Build | House |
| 31:29 | Build | House |
| 31:31 | Build | House |
| 31:33 | Build | House |
Build order — Rogan?
First 150 of 509 actions detected
| 0:35 | Build | Town Center |
| 2:37 | Build | House |
| 2:42 | Create | Villager (Male) |
| 2:43 | Create | Villager (Male) |
| 2:43 | Create | Villager (Male) |
| 2:43 | Create | Villager (Male) |
| 2:43 | Create | Villager (Male) |
| 2:44 | Create | Villager (Male) |
| 2:47 | Build | Dock |
| 4:04 | Create | Fishing Ship |
| 4:11 | Build | House |
| 5:19 | Research | Loom |
| 5:19 | Research | Loom |
| 5:27 | Create | Villager (Male) |
| 5:28 | Create | Villager (Male) |
| 6:03 | Create | Villager (Male) |
| 6:03 | Create | Villager (Male) |
| 6:38 | Create | Villager (Male) |
| 6:38 | Create | Villager (Male) |
| 6:58 | Create | Villager (Male) |
| 6:58 | Create | Villager (Male) |
| 6:58 | Create | Villager (Male) |
| 7:58 | Build | House |
| 8:21 | Create | Villager (Male) |
| 8:22 | Create | Villager (Male) |
| 8:29 | Create | Fishing Ship |
| 8:52 | Create | Villager (Male) |
| 8:52 | Create | Villager (Male) |
| 9:26 | Build | House |
| 9:40 | Create | Villager (Male) |
| 9:40 | Create | Villager (Male) |
| 10:12 | Build | Lumber Camp |
| 10:35 | Build | House |
| 10:48 | Create | Villager (Male) |
| 11:16 | Research | Feudal Age |
| 11:16 | Research | Feudal Age |
| 11:21 | Create | Fishing Ship |
| 11:38 | Create | Fishing Ship |
| 11:46 | Create | Villager (Male) |
| 12:10 | Build | Mining Camp |
| 12:35 | Create | Fishing Ship |
| 12:55 | Create | Villager (Male) |
| 13:27 | Age | Feudal Age |
| 13:45 | Create | Unit 2626 |
| 13:46 | Create | Unit 2626 |
| 13:51 | Build | House |
| 14:03 | Create | Villager (Male) |
| 14:11 | Build | Palisade Wall |
| 14:43 | Create | Villager (Male) |
| 14:45 | Create | Villager (Male) |
| 14:53 | Build | Mill |
| 15:33 | Create | Villager (Male) |
| 15:40 | Build | Market |
| 16:02 | Build | House |
| 16:04 | Create | Villager (Male) |
| 16:08 | Create | Villager (Male) |
| 16:15 | Build | Blacksmith |
| 16:51 | Build | House |
| 16:58 | Research | Castle Age |
| 16:58 | Research | Castle Age |
| 17:03 | Build | Mill |
| 17:23 | Create | Villager (Male) |
| 17:28 | Research | Tech 906 |
| 17:36 | Build | House |
| 18:21 | Build | House |
| 18:37 | Create | Unit 2626 |
| 18:37 | Create | Unit 2626 |
| 18:54 | Build | Building 796 |
| 19:01 | Build | Lumber Camp |
| 19:13 | Research | Double-Bit Axe |
| 19:13 | Research | Double-Bit Axe |
| 19:38 | Age | Castle Age |
| 19:41 | Create | Villager (Male) |
| 19:52 | Build | Town Center |
| 19:57 | Create | Villager (Male) |
| 19:57 | Create | Villager (Male) |
| 20:45 | Research | Bow Saw |
| 20:46 | Research | Bow Saw |
| 20:48 | Create | Villager (Male) |
| 20:48 | Create | Villager (Male) |
| 21:25 | Research | Scale Barding Armor |
| 21:26 | Research | Forging |
| 21:32 | Build | Monastery |
| 21:34 | Create | Trade Cart |
| 21:36 | Create | Trade Cart |
| 21:41 | Build | Lumber Camp |
| 21:56 | Build | Dock |
| 22:25 | Create | Monk |
| 22:31 | Build | Barracks |
| 22:55 | Create | Villager (Male) |
| 22:56 | Create | Villager (Male) |
| 23:08 | Create | Villager (Male) |
| 23:13 | Research | Chain Barding Armor |
| 23:27 | Create | Monk |
| 23:33 | Build | Stable |
| 23:41 | Create | Villager (Male) |
| 23:41 | Create | Villager (Male) |
| 24:14 | Create | Scout Cavalry |
| 24:15 | Create | Spearman |
| 24:15 | Create | Spearman |
| 24:33 | Build | Stable |
| 24:40 | Create | Trade Cart |
| 24:41 | Create | Villager (Male) |
| 24:41 | Create | Villager (Male) |
| 24:42 | Create | Villager (Male) |
| 24:42 | Create | Villager (Male) |
| 24:45 | Build | Stable |
| 24:47 | Build | Stable |
| 25:54 | Research | Wheelbarrow |
| 25:54 | Create | Villager (Male) |
| 25:55 | Create | Villager (Male) |
| 25:55 | Create | Villager (Male) |
| 26:08 | Research | Bloodlines |
| 26:09 | Research | Husbandry |
| 26:13 | Create | Trade Cart |
| 26:26 | Create | Spearman |
| 26:26 | Create | Spearman |
| 26:58 | Create | Villager (Male) |
| 27:00 | Create | Scout Cavalry |
| 27:01 | Create | Scout Cavalry |
| 27:01 | Create | Scout Cavalry |
| 27:06 | Research | Light Cavalry (upgrade) |
| 27:06 | Research | Light Cavalry (upgrade) |
| 27:23 | Build | Stable |
| 27:39 | Build | Dock |
| 27:41 | Create | Villager (Male) |
| 27:41 | Create | Villager (Male) |
| 27:42 | Create | Villager (Male) |
| 27:42 | Create | Villager (Male) |
| 27:47 | Build | House |
| 27:49 | Build | House |
| 27:50 | Build | House |
| 27:58 | Research | Town Watch |
| 27:59 | Create | Villager (Male) |
| 28:05 | Build | Lumber Camp |
| 28:14 | Build | Town Center |
| 28:20 | Build | Farm |
| 28:20 | Build | Farm |
| 28:20 | Build | Farm |
| 28:21 | Build | Farm |
| 28:21 | Build | Farm |
| 28:21 | Build | Farm |
| 28:30 | Build | House |
| 28:30 | Build | House |
| 28:38 | Create | Knight |
| 28:55 | Build | Siege Workshop |
| 28:58 | Build | Archery Range |
| 29:01 | Create | Knight |
| 29:01 | Create | Knight |
| 29:24 | Build | Siege Workshop |
Build order — Zaenyth
First 150 of 577 actions detected
| 0:46 | Build | Town Center |
| 3:19 | Create | Villager (Male) |
| 3:19 | Create | Villager (Male) |
| 3:24 | Build | House |
| 3:25 | Build | House |
| 4:07 | Create | Villager (Male) |
| 4:07 | Create | Villager (Male) |
| 4:52 | Create | Villager (Male) |
| 5:18 | Create | Villager (Male) |
| 5:50 | Create | Villager (Male) |
| 6:20 | Create | Villager (Male) |
| 6:42 | Create | Villager (Male) |
| 7:14 | Build | House |
| 7:33 | Create | Villager (Male) |
| 7:34 | Create | Villager (Male) |
| 7:51 | Build | Dock |
| 8:07 | Create | Villager (Male) |
| 8:59 | Create | Villager (Male) |
| 9:00 | Create | Villager (Male) |
| 9:05 | Create | Transport Ship |
| 9:54 | Create | Villager (Male) |
| 9:55 | Create | Villager (Male) |
| 9:55 | Create | Villager (Male) |
| 9:59 | Create | Fishing Ship |
| 10:09 | Build | Lumber Camp |
| 10:24 | Build | House |
| 10:31 | Research | Loom |
| 10:39 | Create | Villager (Male) |
| 10:52 | Create | Villager (Male) |
| 11:10 | Create | Villager (Male) |
| 11:48 | Create | Villager (Male) |
| 11:53 | Create | Villager (Male) |
| 11:57 | Build | Mining Camp |
| 12:01 | Create | Villager (Male) |
| 12:25 | Create | Villager (Male) |
| 12:34 | Research | Feudal Age |
| 12:46 | Create | Fishing Ship |
| 12:46 | Create | Fishing Ship |
| 13:18 | Create | Fishing Ship |
| 13:33 | Build | House |
| 13:35 | Build | House |
| 13:39 | Create | Villager (Male) |
| 14:10 | Build | House |
| 14:48 | Age | Feudal Age |
| 14:55 | Build | Blacksmith |
| 15:03 | Build | Mill |
| 15:13 | Build | Mill |
| 15:14 | Create | Villager (Male) |
| 15:14 | Create | Villager (Male) |
| 15:35 | Create | Villager (Male) |
| 16:28 | Build | Market |
| 16:28 | Create | Villager (Male) |
| 16:28 | Create | Villager (Male) |
| 16:47 | Create | Fishing Ship |
| 16:54 | Research | Double-Bit Axe |
| 17:17 | Research | Castle Age |
| 17:45 | Build | Barracks |
| 19:25 | Build | Archery Range |
| 19:31 | Create | Villager (Male) |
| 19:45 | Create | Villager (Male) |
| 19:52 | Build | Archery Range |
| 19:59 | Age | Castle Age |
| 20:09 | Research | Bow Saw |
| 20:12 | Create | Villager (Male) |
| 20:13 | Create | Villager (Male) |
| 20:38 | Create | Archer |
| 20:55 | Create | Villager (Male) |
| 20:57 | Create | Villager (Male) |
| 21:02 | Create | Archer |
| 21:34 | Build | Town Center |
| 21:44 | Create | Villager (Male) |
| 21:46 | Create | Villager (Male) |
| 21:50 | Build | House |
| 21:52 | Build | House |
| 21:56 | Research | Wheelbarrow |
| 22:33 | Create | Villager (Male) |
| 22:37 | Build | House |
| 23:00 | Build | Town Center |
| 23:12 | Create | Villager (Male) |
| 23:20 | Build | University |
| 23:21 | Create | Villager (Male) |
| 23:23 | Create | Villager (Male) |
| 23:29 | Create | Villager (Male) |
| 23:32 | Create | Archer |
| 23:35 | Research | Crossbowman (upgrade) |
| 23:37 | Research | Fletching |
| 23:38 | Create | Villager (Male) |
| 23:39 | Create | Villager (Male) |
| 23:46 | Research | Hand Cart |
| 23:53 | Create | Villager (Male) |
| 23:59 | Create | Villager (Male) |
| 24:11 | Create | Villager (Male) |
| 24:13 | Create | Villager (Male) |
| 24:15 | Build | Farm |
| 24:18 | Create | Villager (Male) |
| 24:35 | Build | Farm |
| 24:37 | Build | Farm |
| 24:47 | Build | Farm |
| 24:51 | Build | Farm |
| 25:08 | Build | Farm |
| 25:19 | Create | Archer |
| 25:19 | Create | Archer |
| 25:20 | Create | Archer |
| 25:28 | Build | Farm |
| 25:30 | Build | Farm |
| 25:50 | Build | Farm |
| 25:53 | Build | Farm |
| 25:54 | Create | Villager (Male) |
| 25:54 | Create | Villager (Male) |
| 25:57 | Create | Archer |
| 25:57 | Create | Archer |
| 25:57 | Create | Archer |
| 26:02 | Create | Villager (Male) |
| 26:15 | Create | Villager (Male) |
| 26:18 | Build | Farm |
| 26:18 | Create | Villager (Male) |
| 26:46 | Build | Farm |
| 26:46 | Create | Villager (Male) |
| 26:46 | Create | Villager (Male) |
| 26:50 | Build | Farm |
| 26:51 | Research | Horse Collar |
| 26:54 | Build | Farm |
| 27:00 | Build | Farm |
| 27:05 | Build | Farm |
| 27:13 | Build | Castle |
| 27:20 | Research | Padded Archer Armor |
| 27:21 | Create | Villager (Male) |
| 27:23 | Build | Farm |
| 27:24 | Create | Villager (Male) |
| 27:33 | Build | House |
| 27:48 | Build | Farm |
| 27:48 | Create | Villager (Male) |
| 27:48 | Create | Villager (Male) |
| 27:51 | Build | Farm |
| 27:57 | Build | House |
| 27:58 | Build | House |
| 27:58 | Build | House |
| 27:58 | Build | House |
| 27:58 | Build | House |
| 27:59 | Build | House |
| 28:01 | Build | House |
| 28:01 | Build | House |
| 28:01 | Build | House |
| 28:01 | Build | House |
| 28:02 | Build | House |
| 28:03 | Build | House |
| 28:05 | Build | House |
| 28:09 | Research | Town Watch |
| 28:33 | Build | Farm |
| 28:36 | Research | Heavy Plow |
Build order — xdmastorx
First 150 of 518 actions detected
| 0:15 | Build | Town Center |
| 0:31 | Build | House |
| 2:50 | Create | Villager (Male) |
| 2:51 | Create | Villager (Male) |
| 2:51 | Create | Villager (Male) |
| 2:51 | Create | Villager (Male) |
| 3:30 | Create | Villager (Male) |
| 4:24 | Build | Dock |
| 4:28 | Create | Villager (Male) |
| 4:36 | Build | House |
| 4:48 | Create | Villager (Male) |
| 5:15 | Create | Villager (Male) |
| 5:37 | Create | Villager (Male) |
| 5:58 | Create | Villager (Male) |
| 6:28 | Create | Villager (Male) |
| 6:28 | Create | Villager (Male) |
| 6:51 | Build | House |
| 7:06 | Create | Villager (Male) |
| 7:30 | Build | House |
| 7:33 | Create | Villager (Male) |
| 7:47 | Create | Fishing Ship |
| 8:22 | Create | Villager (Male) |
| 8:46 | Create | Fishing Ship |
| 9:04 | Research | Loom |
| 9:06 | Create | Villager (Male) |
| 9:06 | Create | Villager (Male) |
| 9:07 | Create | Villager (Male) |
| 9:18 | Create | Villager (Male) |
| 10:00 | Build | Lumber Camp |
| 10:03 | Create | Villager (Male) |
| 10:04 | Create | Villager (Male) |
| 10:26 | Build | House |
| 10:37 | Create | Villager (Male) |
| 10:53 | Build | House |
| 11:22 | Research | Feudal Age |
| 11:40 | Build | Mining Camp |
| 12:22 | Create | Villager (Male) |
| 12:23 | Create | Villager (Male) |
| 12:28 | Create | Fishing Ship |
| 12:43 | Build | House |
| 12:43 | Build | House |
| 13:46 | Age | Feudal Age |
| 13:48 | Build | Barracks |
| 13:54 | Create | Villager (Male) |
| 14:09 | Research | Double-Bit Axe |
| 14:40 | Create | Villager (Male) |
| 14:46 | Create | Villager (Male) |
| 15:17 | Build | Stable |
| 15:20 | Build | House |
| 15:33 | Create | Villager (Male) |
| 15:33 | Create | Villager (Male) |
| 15:41 | Create | Fishing Ship |
| 16:06 | Create | Scout Cavalry |
| 16:07 | Create | Scout Cavalry |
| 16:21 | Create | Fire Galley |
| 16:32 | Create | Scout Cavalry |
| 16:46 | Create | Villager (Male) |
| 16:46 | Create | Villager (Male) |
| 16:49 | Create | Villager (Male) |
| 17:02 | Build | Stable |
| 17:05 | Build | House |
| 17:38 | Create | Villager (Male) |
| 17:46 | Create | Villager (Male) |
| 18:03 | Create | Scout Cavalry |
| 18:03 | Create | Scout Cavalry |
| 18:13 | Build | Blacksmith |
| 18:20 | Create | Villager (Male) |
| 18:37 | Create | Unit 2626 |
| 18:37 | Create | Unit 2626 |
| 19:12 | Build | Watch Tower |
| 19:23 | Build | Outpost |
| 19:28 | Build | Mill |
| 19:37 | Create | Unit 2626 |
| 19:39 | Create | Demolition Raft |
| 20:00 | Build | Farm |
| 20:01 | Build | Farm |
| 20:52 | Create | Unit 2626 |
| 20:54 | Research | Castle Age |
| 20:59 | Build | Farm |
| 21:01 | Build | Farm |
| 21:07 | Research | Fletching |
| 21:20 | Build | Farm |
| 21:23 | Build | Farm |
| 21:26 | Research | Forging |
| 22:00 | Research | Town Watch |
| 23:11 | Create | Villager (Male) |
| 23:11 | Create | Villager (Male) |
| 23:29 | Research | Wheelbarrow |
| 23:34 | Age | Castle Age |
| 23:45 | Build | Castle |
| 23:51 | Create | Camel Scout |
| 23:51 | Create | Camel Scout |
| 23:52 | Create | Camel Scout |
| 23:52 | Create | Camel Scout |
| 24:16 | Create | Spearman |
| 24:16 | Create | Spearman |
| 24:19 | Create | Villager (Male) |
| 24:31 | Build | Siege Workshop |
| 24:34 | Build | Farm |
| 24:39 | Build | Monastery |
| 24:40 | Build | House |
| 24:41 | Build | House |
| 26:15 | Create | Spearman |
| 26:16 | Create | Spearman |
| 26:27 | Create | Scorpion |
| 26:27 | Create | Scorpion |
| 26:36 | Build | House |
| 27:05 | Build | Castle |
| 27:10 | Build | House |
| 27:43 | Create | Armored Elephant |
| 27:59 | Create | Villager (Male) |
| 28:00 | Create | Villager (Male) |
| 28:00 | Create | Villager (Male) |
| 28:00 | Create | Villager (Male) |
| 28:34 | Create | Monk |
| 28:34 | Create | Monk |
| 28:50 | Create | Scorpion |
| 29:27 | Create | Ghulam |
| 29:28 | Create | Ghulam |
| 29:28 | Create | Ghulam |
| 29:33 | Research | Squires |
| 29:34 | Research | Arson |
| 29:59 | Build | Mining Camp |
| 30:24 | Research | Scale Mail Armor |
| 30:27 | Build | Farm |
| 30:28 | Build | Farm |
| 30:30 | Build | Farm |
| 31:02 | Create | Ghulam |
| 31:02 | Create | Ghulam |
| 31:03 | Create | Ghulam |
| 31:03 | Create | Ghulam |
| 31:48 | Build | Mill |
| 31:59 | Create | Villager (Male) |
| 32:02 | Research | Chain Mail Armor |
| 32:02 | Create | Villager (Male) |
| 32:02 | Create | Villager (Male) |
| 32:03 | Create | Villager (Male) |
| 32:10 | Create | Ghulam |
| 32:10 | Create | Ghulam |
| 33:06 | Create | Ghulam |
| 33:06 | Create | Ghulam |
| 33:20 | Create | Armored Elephant |
| 33:28 | Create | Mangonel |
| 33:35 | Build | Market |
| 33:39 | Build | Farm |
| 33:39 | Build | Farm |
| 33:40 | Create | Villager (Male) |
| 33:40 | Create | Villager (Male) |
| 33:41 | Create | Villager (Male) |
| 33:47 | Build | Town Center |
Match timeline
| 2:47 | Rogan? · first_building Dock |
| 4:24 | xdmastorx · first_building Dock |
| 7:51 | Zaenyth · first_building Dock |
| 11:26 | Billy Wonka2706 · wall_segment Palisade Wall x17 |
| 13:27 | Rogan? · age_up feudal |
| 13:46 | xdmastorx · age_up feudal |
| 13:48 | xdmastorx · first_building Barracks |
| 14:11 | Rogan? · wall_segment Palisade Wall x17 |
| 14:48 | Zaenyth · age_up feudal |
| 15:17 | xdmastorx · first_building Stable |
| 17:45 | Zaenyth · first_building Barracks |
| 18:27 | Billy Wonka2706 · first_building Barracks |
| 19:25 | Zaenyth · first_building Archery Range |
| 19:38 | Rogan? · age_up castle |
| 19:59 | Zaenyth · age_up castle |
| 21:21 | Billy Wonka2706 · first_building Dock |
| 21:32 | Rogan? · first_building Monastery |
| 22:31 | Rogan? · first_building Barracks |
| 23:33 | Rogan? · first_building Stable |
| 23:34 | xdmastorx · age_up castle |
| 23:45 | xdmastorx · first_building Castle |
| 24:31 | xdmastorx · first_building Siege Workshop |
| 24:39 | xdmastorx · first_building Monastery |
| 27:13 | Zaenyth · first_building Castle |
| 28:55 | Rogan? · first_building Siege Workshop |
| 28:58 | Rogan? · first_building Archery Range |
| 29:23 | Billy Wonka2706 · first_building Stable |
| 31:30 | Zaenyth · first_building Monastery |
| 31:49 | Zaenyth · wall_segment Stone Wall x12 |
| 32:15 | Billy Wonka2706 · first_building Castle |
| 32:44 | Rogan? · first_market_sell 100 wood |
| 32:46 | Rogan? · first_market_buy 100 food |
| 32:54 | Zaenyth · first_market_sell 100 food |
| 33:47 | Zaenyth · wall_segment Stone Wall x20 |
| 34:48 | Rogan? · first_building Castle |
| 36:06 | Zaenyth · age_up imperial |
| 36:19 | Rogan? · age_up imperial |
| 37:28 | Rogan? · wall_segment Stone Wall x16 |
| 40:34 | Billy Wonka2706 · first_market_buy 100 food |
| 45:08 | xdmastorx · age_up imperial |
| 47:57 | xdmastorx · first_market_sell 100 food |
| 50:01 | Billy Wonka2706 · first_market_sell 100 wood |
| 51:53 | Rogan? · wall_segment Stone Wall x13 |
| 52:06 | Rogan? · wall_segment Stone Wall x13 |
| 53:36 | Zaenyth · first_building Siege Workshop |
| 60:49 | Zaenyth · first_building Stable |
| 61:53 | Billy Wonka2706 · resign |
[ AI ANALYSIS · 1 CREDIT ]
What really happened in this match?
Wolo.gg analyzes every decision: build order, eco, micro, common mistakes by bracket. Personalized analysis on WhatsApp or Discord in 30 seconds.
Civ guide
Turks
Map guide
MegaRandom
Perfil
Billy Wonka2706